 Dungeon Crawl Stone Soup version 0.30-a0-29-g142975f185 (webtiles) character file.

Game seed: 10055275722203530012

52 vineage the Trooper (level 3, -2/24 HPs)
             Began as a Gargoyle Fighter on Aug 26, 2022.
             Slain by a goblin
             ... wielding a +0 dagger
             ... led by Robin
              (4 damage)
             ... on level 2 of the Dungeon.
             The game lasted 00:03:22 (1461 turns).

vineage the Trooper (Gargoyle Fighter)              Turns: 1461, Time: 00:03:23

Health: -2/24      AC: 13    Str: 21    XL:     3   Next: 85%
Magic:  3/3        EV:  4    Int:  8    God:
Gold:   30         SH:  4    Dex:  9    Spells: 2/2 levels left

rFire   + . .      SeeInvis .    a - +0 flail
rCold   + . .      Faith    .    c - +0 buckler
rNeg    + . .      Spirit   .    e - +0 chain mail
rPois   ∞          Reflect  .    (no helmet)
rElec   +          Harm     .    (no cloak)
rCorr   +          Rampage  .    f - +0 pair of gloves
Will    .....                    (no boots)
Stlth   ..........               (no amulet)
HPRegen 0.08/turn                (no ring)
MPRegen 0.08/turn                (no ring)

@: resistant, grasped by roots, constricted
A: sickness immunity, AC +3, negative energy resistance 1, electricity
resistance, torment resistance 1, petrification resistance
a: no special abilities


You were on level 2 of the Dungeon.
You visited 1 branch of the dungeon, and saw 2 of its levels.

You collected 30 gold pieces.

Inventory:

Hand Weapons
 a - a +0 flail (weapon)
Armour
 c - a +0 buckler (worn)
 e - a +0 chain mail (worn)
 f - a +0 pair of gloves (worn)
Jewellery
 i - an amulet of regeneration
Scrolls
 h - 3 scrolls of identify {unknown}
Potions
 b - a potion of haste
 d - 2 potions of might


   Skills:
 * Level 4.1 Fighting
 + Level 2.5 Maces & Flails
 + Level 3.7 Armour
 + Level 3.7 Shields


You had 2 spell levels left.
You didn't know any spells.
Your spell library contained the following spells:

 Spells                   Type           Power      Damage    Failure   Level
 Scorch                   Fire           0%         2d5       100%        2
 Flame Wave               Conj/Fire      0%         2d4       100%        4
 Summon Cactus Giant      Summ           0%         N/A       100%        6


Dungeon Overview and Level Annotations

Branches:
Dungeon (2/15)

Altars:

Shops:
D:1 =

Annotations:
D:2 Robin


Innate Abilities, Weirdness & Mutations

You are immune to sickness and miasma.
Your stone body is resilient. (AC +3)
You are immune to poison.
You resist negative energy. (rN+)
You are resistant to electric shocks. (rElec)
You are resistant to unholy torment.
You are immune to petrification.


Message History

The hobgoblin is almost dead.
The goblin is no longer moving quickly.
The goblin closely misses you. You block the hobgoblin's attack.
You barely miss the hobgoblin.
The hobgoblin is almost dead.
The goblin hits you but does no damage.
Robin roars a battlecry!
The goblins go into a battle-frenzy!
The hobgoblin hits you but does no damage.
The goblin hits you but does no damage. You block the hobgoblin's attack.
You sock the hobgoblin!
You kill the hobgoblin!
The goblin unwields a +0 club.
The goblin wields a +0 sling.
The goblin shoots a sling bullet.
The sling bullet hits you but does no damage.
You block the goblin's attack. The goblin attacks as you move away!
The goblin hits you but does no damage.
The goblin unwields a +0 sling.
The goblin wields a +0 club.
The goblin hits you with a +0 club.
Items here: )) ††.
You barely miss the goblin. The goblin hits you with a +0 club.
The goblin barely misses you.
Robin zaps a wand.
The roots erupt in riotous growth!
The goblin is unaffected.
The grasping roots grab you!
Robin is unaffected.
The hobgoblin is unaffected.
The grasping roots constrict you.
* * * LOW HITPOINT WARNING * * *
The goblin hits you but does no damage.
You hit the goblin.
The goblin is severely wounded.
Robin hits you but does no damage. The grasping roots constrict you.
* * * LOW HITPOINT WARNING * * *
The goblin hits you but does no damage. You block the goblin's attack.
The goblin hits you but does no damage. Robin hits you but does no damage.
The grasping roots constrict you.
* * * LOW HITPOINT WARNING * * *
It was a potion of resistance.
You feel protected. The goblin completely misses you.
The goblin hits you with a +0 dagger.
You die...

#.####...##.#
#.####...##[#
#.....###...#
######.#.####
##.## #.# #.# #
#.#######g####.
#..$.)g@ggg....
############...


You could see Robin, a hobgoblin (strong) and 3 goblins.

Vanquished Creatures
  A gnoll (D:1)
  A dart slug (D:1)
  An endoplasm (D:2)
  A giant cockroach (D:1)
  8 goblins
  6 hobgoblins
  3 quokkas
  3 ball pythons
  2 bats (D:1)
  2 frilled lizards (D:1)
  6 kobolds (D:1)
  A rat (D:1)
35 creatures vanquished.

Notes
Turn   | Place    | Note
-------+----------+-------------------------------------------
     0 | D:1      | vineage the Gargoyle Fighter began the quest for the Orb.
     0 | D:1      | Reached XP level 1. HP: 14/14 MP: 1/1
    62 | D:1      | Reached XP level 2. HP: 15/19 MP: 2/2
   405 | D:1      | Reached XP level 3. HP: 4/24 MP: 3/3
   646 | D:1      | Found Wiloabe's Jewellery Shoppe.
  1061 | D:1      | Reached skill level 4 in Fighting
  1151 | D:1      | Found a faded altar of an unknown god.
  1426 | D:2      | Noticed Robin
  1461 | D:2      | Slain by a goblin

Illustrated notes

Levels and vault maps discovered:
D:1:      grunt_arrival_lava_bath, layout_basic,
          hellmonk_ecumenical_altar_pennies_from_heaven, serial_shops, shop
D:2:      layout_loops_ring, uniq_natasha, uniq_robin, uniq_terence

Skill      XL: |  1  2  3 |
---------------+----------+-----
Fighting       | 4 |  4.1
Maces & Flails | |  2.5
Armour         | |  3.7
Shields        | |  3.7

Action                   || total
-------------------------++-------
Melee: Flail             ||   102
  Use: Potion            ||     1
Armor: Scale mail        ||    13
       Chain mail        ||    75
Dodge: Dodged            ||    45
Block: Buckler           ||    26

Table legend: (Time is in decaauts)
 A = Elapsed time spent in this place.
 B = Non-inter-level travel time spent in this place.
 C = Inter-level travel time spent in this place.
 D = Time resting spent in this place.
 E = Time spent auto-exploring this place.
 F = Levels seen in this place.
 G = Mean time per level.
                   A        B        C        D        E       F      G
               +--------+--------+--------+--------+--------+-----+--------+
         Total |   1494 |   1431 |     63 |      0 |   1137 |   2 |  747.0 |
       Dungeon |   1494 |   1431 |     63 |      0 |   1137 |   2 |  747.0 |
               +--------+--------+--------+--------+--------+-----+--------+

Top non-repeatable levels by time:
     D:1: 1224 daAuts
     D:2: 269 daAuts
